 Dungeon Crawl Stone Soup version 0.29-a0-322-g68df515 (webtiles) character file.

Game seed: 18419977284487392215

991 Nithhogg the Chopper (level 8, -3/73 HPs)
             Began as a Hill Orc Fighter on Apr 9, 2022.
             Slain by Duvessa
             ... wielding a +0 rapier
              (13 damage)
             ... on level 4 of the Dungeon.
             The game lasted 00:10:29 (4520 turns).

Nithhogg the Chopper (Hill Orc Fighter)             Turns: 4520, Time: 00:10:30

Health: -3/73      AC:  7    Str: 21    XL:     8   Next: 18%
Magic:  8/8        EV:  9    Int:  8    God:
Gold:   90         SH:  0    Dex: 10    Spells: 7/7 levels left

rFire   . . .      SeeInvis .   a - +1 war axe
rCold   . . .      Faith    .   (no shield)
rNeg    . . .      Spirit   .   b - +0 scale mail
rPois   .          Reflect  .   (no helmet)
rElec   .          Harm     .   (no cloak)
rCorr   .          Rampage  .   (no gloves)
Will    .....                   (no boots)
Stlth   ..........              (no amulet)
HPRegen 0.22/turn               (no ring)
MPRegen 0.11/turn               (no ring)

@: no status effects
A: no striking features
a: no special abilities


You were on level 4 of the Dungeon.
You visited 1 branch of the dungeon, and saw 4 of its levels.
You also visited: Ossuary.

You collected 90 gold pieces.

Inventory:

Hand Weapons
 a - a +1 war axe (weapon)
Armour
 b - a +0 scale mail (worn)
 c - a +0 buckler
Scrolls
 i - a scroll of fog
 j - 4 scrolls of identify
 k - 2 scrolls of teleportation
Potions
 d - 2 potions of magic {unknown}
 e - a potion of mutation {unknown}
 m - 2 potions of attraction {unknown}


   Skills:
 + Level 7.3 Fighting
 + Level 7.4 Axes
 + Level 6.7 Armour
 - Level 3.3 Shields


You had 7 spell levels left.
You didn't know any spells.
Your spell library contained the following spells:

 Spells                   Type           Power      Damage    Failure   Level
 Gell's Gravitas          Tloc           0%         N/A       97%         3
 Teleport Other           Tloc           0%         N/A       97%         3
 Dispersal                Tloc           0%         N/A       100%        6


Dungeon Overview and Level Annotations

Branches:
Dungeon (4/15)            Ossuary (visited)
 Temple: D:4-7

Altars:
Uskayaw

Annotations:
D:4 Dowan, Duvessa


Message History

Duvessa says, "My weaknesses are his strengths!"
Duvessa hits you but does no damage.
Okay, then.
As you read the scroll of fear, it crumbles to dust.
You assume a fearsome visage.
Duvessa looks frightened!
Dowan looks frightened!
Dowan casts a spell.
Dowan blinks!
You cannot move.
You swing at nothing.
Dowan gestures wildly while chanting.
Dowan blinks!
You swing at nothing.
You swing at nothing.
You cannot move.
You cannot move.
You start resting.
Duvessa is nearby!
You cannot move.
Duvessa is nearby!
Okay, then.
Your transformation is almost over.
Duvessa no longer looks unusually strong.
Duvessa hits you but does no damage.
You hit Duvessa.
Duvessa is moderately wounded.
Duvessa hits you but does no damage.
You hit Duvessa.
Duvessa is moderately wounded.
Duvessa hits you but does no damage. x2
You barely miss Duvessa.
Duvessa is moderately wounded.
Duvessa is no longer moving quickly.
Duvessa hits you but does no damage. Duvessa hits you with a +0 rapier!
* * * LOW HITPOINT WARNING * * *
You hit Duvessa but do no damage.
Duvessa is moderately wounded.
You feel less wooden.
Your +0 scale mail unmelds from your body.
Duvessa hits you with a +0 rapier!
You die...

#.g...'.....#................
#....##.....##...........##..
#....##.....##............# #
##...##......#....##......#
#...##......#....#########
#.............#
+....#..#.....#
#......)†.....#
#......@.....########
##...#e......##.....####
#.......#...##.........
.!...................##.
.....+...................
.....#.................##
.... #.............†...#( ..
###......##(..†)_.#(
#......##.......#.


You could see Duvessa.

Vanquished Creatures
  Sigmund (D:3)
  Menkaure (D:4)
  An ice beast (D:3)
  An elf zombie (Ossuary)
  3 centaur zombies (Ossuary)
  An orc priest (D:3)
  3 human zombies (Ossuary)
  Natasha (thrice) (D:3)
  An iguana (D:4)
  2 mummies (Ossuary)
  7 adders
  2 worms
  2 dart slugs
  10 orcs
  4 endoplasms
  A giant cockroach (D:3)
  7 goblins
  7 hobgoblins
  8 jackals
  8 kobolds
  5 quokkas
  5 ball pythons
  3 bats
  5 frilled lizards
  4 goblin zombies (Ossuary)
  10 hobgoblin zombies (Ossuary)
  10 kobold zombies (Ossuary)
  4 orc zombies (Ossuary)
  2 rats
  A rat zombie (Ossuary)
  A bush (D:1)
123 creatures vanquished.

Vanquished Creatures (others)
  An orc wizard (D:3)
  4 fungi (D:2)
  24 plants
29 creatures vanquished.

Grand Total: 152 creatures vanquished

Notes
Turn   | Place    | Note
-------+----------+-------------------------------------------
     0 | D:1      | Nithhogg the Hill Orc Fighter began the quest for the Orb.
     0 | D:1      | Reached XP level 1. HP: 19/19 MP: 1/1
     6 | D:1      | Noticed a redback
     6 | D:1      | Noticed a polar bear
     7 | D:1      | Noticed a swamp worm
     7 | D:1      | Noticed an anaconda
    26 | D:1      | You fall into a shaft and drop 1 floor!
    40 | D:2      | Reached XP level 2. HP: 17/27 MP: 2/2
   229 | D:1      | Reached XP level 3. HP: 33/33 MP: 3/3
  1411 | D:2      | Reached XP level 4. HP: 40/41 MP: 4/4
  1483 | D:2      | Found a faded altar of an unknown god.
  2028 | D:3      | Reached XP level 5. HP: 30/47 MP: 5/5
  2476 | D:3      | Reached skill level 5 in Fighting
  2569 | D:3      | Noticed Sigmund
  2579 | D:3      | Killed Sigmund
  2580 | D:3      | Reached skill level 5 in Axes
  2580 | D:3      | Reached skill level 5 in Armour
  2580 | D:3      | Reached XP level 6. HP: 53/56 MP: 6/6
  2697 | D:3      | Noticed Natasha
  2703 | D:3      | Killed Natasha
  2816 | D:3      | Noticed an ice beast
  2832 | D:3      | Killed an ice beast
  2833 | D:3      | Reached XP level 7. HP: 23/63 MP: 7/7
  3185 | D:3      | Noticed Natasha
  3194 | D:3      | Killed Natasha
  3450 | D:3      | Noticed Natasha
  3458 | D:3      | Killed Natasha
  3700 | D:4      | Noticed Menkaure
  3706 | D:4      | Killed Menkaure
  3817 | D:4      | Found a hide-covered altar of Uskayaw.
  3817 | D:4      | Noticed a +0 hand axe
  3817 | D:4      | Noticed a +0 dagger
  3836 | D:4      | Found a sand-covered staircase.
  3859 | D:4      | Noticed Dowan
  3862 | Ossuary  | Entered an ossuary
  4107 | Ossuary  | Reached XP level 8. HP: 64/73 MP: 8/8
  4471 | D:4      | Noticed Duvessa
  4484 | D:4      | HP: 5/109 [Duvessa/+0 rapier (1)]
  4520 | D:4      | Slain by Duvessa

Illustrated notes

Levels and vault maps discovered:
D:1:      onia_arrival_zoo_common, layout_rooms, serial_forest,
          infiniplex_forest_zigzag_1, infiniplex_forest_clump_small,
          infiniplex_forest_clump_long, infiniplex_forest_straight_5,
          infiniplex_forest_lined_corner, infiniplex_forest_end_2,
          infiniplex_forest_end_3
D:2:      layout_basic, shapermc_ecumenical_altar_mp_ritualfount
D:3:      layout_loops_ring, lexackson_kobold_supper, uniq_natasha, uniq_sigmund
D:4:      layout_gridville, dancing_weapons_uskayaw, vehumet_altar_wand_db,
          nicolae_ossuary_entry_ruins, uniq_duvessa, uniq_menkaure, uniq_robin

Skill      XL: |  1  2  3  4  5  6  7 |
---------------+----------------------+-----
Axes           | 3 4 5 7 |  7.4
Fighting       | 4 5 6 7 |  7.3
Armour         | 4 5 6 |  6.7
Shields        | |  3.3

Action                   |  1- 3 |  4- 6 |  7- 9 || total
-------------------------+-------+-------+-------++-------
Melee: War axe           |    99 |   106 |   196 ||   401
       Punch             |     3 |     2 |     4 ||     9
  Use: Scroll            |     3 |       |     4 ||     7
       Potion            |       |     3 |     9 ||    12
Armor: Scale mail        |    48 |    45 |    77 ||   170
       Skin              |       |     5 |    19 ||    24
Dodge: Dodged            |    39 |    54 |    77 ||   170
Block: Buckler           |     1 |       |       ||     1

Table legend: (Time is in decaauts)
 A = Elapsed time spent in this place.
 B = Non-inter-level travel time spent in this place.
 C = Inter-level travel time spent in this place.
 D = Time resting spent in this place.
 E = Time spent auto-exploring this place.
 F = Levels seen in this place.
 G = Mean time per level.
                   A        B        C        D        E       F      G
               +--------+--------+--------+--------+--------+-----+--------+
         Total |   4616 |   4477 |    139 |    419 |   3163 |   5 |  923.2 |
       Dungeon |   3990 |   3851 |    139 |    419 |   2726 |   4 |  997.5 |
       Ossuary |    625 |    625 |      0 |      0 |    437 |   1 |  625.0 |
               +--------+--------+--------+--------+--------+-----+--------+

Top non-repeatable levels by time:
     D:3: 1536 daAuts
     D:2: 1372 daAuts
     D:1: 844 daAuts
 Ossuary: 625 daAuts
     D:4: 237 daAuts
